Map: Ley Lines

Players

KimChiLoVer - Winner!

  • Race: Terran Terran
  • Spawn Location: 1:00

A.I. 1 (Elite)

  • Race: Terran Terran
  • Spawn Location: 7:00

VOD

Have the link to the VOD?

Description

Time

  • Played on: Aug. 9, 2025, 10:40 a.m.
  • Length: 11:00
Show
View Real Time Build Order
Export as new Build Order

KimChiLoVer Terran - Winner!

Build Orders: Reaper Expand 

Get SALT Encoding   

  12  0:00  SCV  
  13  0:12  SCV  
  14  0:17  Supply Depot  
  14  0:25  SCV  
  15  0:38  SCV  
  15  0:39  Barracks  
  16  0:43  Refinery  
  16  0:50  SCV  
  17  1:02  SCV  
  18  1:15  SCV  
  19  1:27  Orbital Command  
  19  1:28  Reaper  
  20  1:38  Command Center  
  20  1:49  Supply Depot  
  20  1:53  SCV  
  21  2:02  Factory  
  21  2:03  Marine  
  22  2:09  SCV  
  22  2:11  Refinery  
  23  2:21  SCV  
  23  2:22  Barracks  
  24  2:24  Barracks Reactor  
  24  2:33  Barracks  
  24  2:37  SCV  
  25  2:49  SCV, Orbital Command  
  26  2:52  Factory Tech Lab  
  26  3:04  Marine x2  
  28  3:06  SCV  
  29  3:23  Command Center  
  29  3:29  SCV  
  29  3:30  SCV  
  29  3:34  Stimpack  
  31  3:35  Marine  
  31  3:36  Marine  
  33  3:43  SCV  
  33  3:48  Factory Reactor, Starport  
  34  3:51  SCV  
  34  3:52  Marine  
  34  3:55  SCV  
  37  3:56  Marine x2  
  39  4:04  SCV  
  39  4:07  SCV  
  41  4:11  Barracks  
  41  4:16  Barracks  
  41  4:19  SCV  
  41  4:21  Marine  
  41  4:22  Marine x3  
  46  4:28  Engineering Bay  
  46  4:32  Engineering Bay  
  46  4:38  Orbital Command  
  46  4:42  Marine x2  
  48  4:46  Medivac  
  48  4:49  Medivac  
  48  4:52  SCV  
  53  4:53  SCV  
  53  4:59  Terran Infantry Weapons Level 1  
  54  5:03  Terran Infantry Armor Level 1  
  54  5:04  SCV  
  55  5:08  Supply Depot  
  55  5:10  Orbital Command  
  55  5:12  Barracks Tech Lab x2  
  55  5:14  Barracks Reactor  
  55  5:15  Factory Tech Lab  
  55  5:17  Combat Shield  
  55  5:19  SCV  
  56  5:27  Marine x3  
  59  5:31  SCV  
  59  5:32  Supply Depot  
  60  5:37  SCV x2  
  60  5:39  Concussive Shells, Armory  
  62  5:43  SCV  
  62  5:45  Marine x2, Refinery  
  62  5:47  Refinery  
  62  5:49  SCV x2  
  67  5:53  Marine x2  
  67  5:55  SCV  
  70  5:58  Siege Tank  
  70  6:01  SCV x2  
  75  6:05  Marine x3  
  78  6:13  SCV  
  78  6:14  SCV x2  
  78  6:16  Medivac  
  83  6:22  Supply Depot  
  83  6:25  SCV  
  84  6:26  Supply Depot, SCV  
  84  6:28  Marine x5  
  84  6:29  SCV  
  91  6:37  SCV, Supply Depot x2  
  91  6:38  SCV  
  93  6:44  Siege Tank, SCV  
  91  6:56  Marine  
  91  6:57  Marine x6  
  94  7:14  Marine  
  94  7:15  Marine x6  
  101  7:17  Command Center  
  101  7:19  Terran Infantry Weapons Level 2  
  101  7:23  Terran Infantry Armor Level 2  
  101  7:30  Supply Depot  
  101  7:32  Marine x5  
  101  7:33  Marauder x2  
  110  7:50  Marine x4  
  110  7:51  Siege Tank, Marauder  
  119  7:52  Barracks  
  119  7:53  Barracks x2  
  119  7:54  Marine, Supply Depot, Marauder  
  122  8:08  Marine x4, Medivac x2  
  122  8:12  Marauder x2  
  123  8:30  Marine x4, Marauder  
  123  8:33  Marine  
  123  8:34  Marauder  
  108  8:38  Medivac  
  108  8:40  Viking  
  107  8:42  Barracks Tech Lab  
  107  8:43  Barracks Reactor  
  107  8:44  Barracks Tech Lab  
  107  8:48  Marine x4  
  107  8:51  Marine x2, Siege Tank  
  107  8:54  Marine  
  114  8:57  Starport  
  112  9:06  Marine x4  
  112  9:09  Marine x2  
  116  9:12  Marine, Marauder x2  
  121  9:20  Marine x2  
  121  9:23  Marine, Siege Tank  
  121  9:24  Marine x3  
  127  9:27  Marine, Marauder  
  127  9:30  Marine  
  134  9:33  Marauder x2  
  134  9:38  Marine x2  
  140  9:41  Marine  
  140  9:42  Marine x3  
  140  9:45  Marauder  
  146  9:46  Viking x2  
  146  9:48  Marauder  
  146  9:49  Marauder  
  146  9:50  Starport Reactor  
  154  9:55  Marauder  
  156  10:12  Orbital Command  
  156  10:18  Marine x2  
  156  10:28  Marauder  
  156  10:36  Supply Depot  
  156  10:37  Supply Depot  
  156  10:39  Supply Depot  
Show
View Real Time Build Order
Export as new Build Order

A.I. 1 (Elite) Terran 

Build Orders:  

Get SALT Encoding   

  12  0:00  SCV  
  13  0:13  SCV  
  14  0:18  Supply Depot  
  14  0:25  SCV  
  15  0:30  Refinery  
  15  0:40  SCV  
  16  0:49  Barracks  
  16  0:52  SCV  
  17  1:04  SCV  
  18  1:16  SCV  
  19  1:35  Supply Depot  
  19  1:37  Marine, Factory, Orbital Command  
  20  1:49  Barracks  
  20  1:55  Marine  
  21  2:02  Refinery, SCV  
  22  2:13  Marine  
  22  2:14  SCV  
  24  2:18  Supply Depot  
  24  2:23  Factory Tech Lab  
  24  2:26  SCV  
  25  2:31  Marine  
  25  2:35  Marine  
  27  2:43  SCV  
  28  2:44  Siege Tank  
  28  2:48  Marine  
  32  2:53  Marine  
  32  2:56  Supply Depot  
  32  2:57  SCV  
  34  3:06  Marine  
  34  3:11  Marine  
  36  3:13  SCV  
  36  3:18  Siege Tank  
  40  3:24  Marine  
  40  3:25  Supply Depot  
  41  3:29  Marine  
  42  3:36  SCV  
  43  3:42  Marine  
  44  3:50  Siege Tank  
  47  3:56  Command Center  
  47  3:59  SCV  
  48  4:04  Barracks Tech Lab  
  48  4:06  Barracks Tech Lab  
  48  4:11  SCV  
  48  4:15  Supply Depot  
  49  4:22  Marauder  
  49  4:23  SCV  
  52  4:27  Marauder  
  54  4:35  SCV  
  55  4:41  Supply Depot  
  55  4:42  Stimpack  
  55  4:44  Marauder  
  57  4:48  Marauder  
  59  4:55  Combat Shield  
  59  5:02  Engineering Bay  
  59  5:05  Marauder  
  61  5:08  SCV  
  61  5:11  SCV  
  63  5:20  SCV, Marauder  
  66  5:23  SCV  
  66  5:28  Marauder  
  69  5:29  Terran Infantry Weapons Level 1  
  69  5:33  SCV  
  69  5:35  SCV  
  71  5:41  Marauder  
  73  5:45  SCV  
  73  5:47  SCV  
  75  5:54  Engineering Bay  
  75  5:55  Marine  
  75  5:56  Barracks  
  76  5:57  SCV  
  76  6:03  Supply Depot  
  77  6:06  Command Center  
  77  6:14  Concussive Shells  
  77  6:15  SCV  
  77  6:17  SCV  
  79  6:20  Terran Infantry Armor Level 1  
  79  6:21  Marine  
  79  6:24  Marauder  
  82  6:27  SCV  
  83  6:33  Supply Depot, SCV  
  83  6:39  SCV, Marauder  
  87  6:40  Starport  
  87  6:43  Barracks Reactor  
  87  6:45  Marine  
  88  6:50  SCV  
  88  6:52  SCV  
  79  7:00  Marine  
  62  7:02  SCV  
  62  7:06  SCV  
  64  7:14  SCV  
  65  7:17  Medivac  
  65  7:18  SCV  
  68  7:23  SCV  
  68  7:27  SCV  
  70  7:30  SCV  
  71  7:39  SCV x2  
  71  7:42  SCV  
  74  7:48  Medivac  
  74  7:51  SCV  
  77  7:52  SCV  
  77  7:55  SCV  
  79  8:03  SCV  
  79  8:04  Marauder  
  82  8:06  SCV  
  82  8:10  SCV  
  78  8:15  SCV  
  78  8:18  SCV  
  72  8:22  SCV  
  68  8:27  SCV  
  68  8:30  SCV  
  68  8:31  Marine  
  68  8:33  Marine  
  55  8:36  Marine  
  55  8:39  Marine  
  40  8:49  Marine  
  40  8:51  Marine  
  40  8:54  Marine  
  40  8:55  SCV  
  44  8:58  Marauder  
  46  9:05  SCV  
  46  9:06  Marine  
  46  9:07  SCV  
  46  9:09  Marine  
  50  9:11  SCV  
  50  9:16  Marine  
  52  9:19  SCV, Marauder  
  55  9:24  Marine  
  55  9:25  Viking  
  55  9:35  SCV  
  55  9:37  SCV  
  56  9:38  SCV  
  57  9:47  SCV  
  57  9:50  SCV  
  57  9:52  Starport  
  59  9:53  SCV  
  59  9:55  Viking  
  59  9:59  SCV  
  62  10:05  Marine  
  62  10:06  Refinery  
  53  10:07  Marauder  
  53  10:10  SCV  
  53  10:13  SCV  
  49  10:18  SCV  
  34  10:22  Marine  
  34  10:25  Starport Tech Lab  
  34  10:27  Marine  
Tags
 
Matchup
TvT
Race
Terran
Spawn Locations
Cross Positions
Add a new tag
Caveats
  • Supply blocks, unpowered buildings, or Contaminate may cause inaccurate times.
  • Supply counts are checked every 10 seconds.